 Dungeon Crawl Stone Soup version 0.31-a0-431-g88bdf31460 (webtiles) character file.

Game seed: 4363046953463505380

761 randomguy2701 the Chopper (level 7, -7/62 HPs)
             Began as a Minotaur Fighter on July 31, 2023.
             Mangled by Sigmund
             ... wielding a +0 scythe
              (9 damage)
             ... on level 4 of the Dungeon.
             The game lasted 00:02:31 (3358 turns).

randomguy2701 the Chopper (Minotaur Fighter)        Turns: 3358, Time: 00:02:32

Health: -7/62      AC:  7    Str: 21    XL:     7   Next: 51%
Magic:  6/6        EV:  9    Int:  5    God:
Gold:   124        SH:  4    Dex: 11    Spells: 6/6 levels left

rFire   . . .        a - +0 war axe
rCold   . . .        c - +0 buckler
rNeg    + . .        b - +0 scale mail
rPois   .            (helmet restricted)
rElec   .            (no cloak)
rCorr   .            (no gloves)
SInv    .            (no boots)
Will    .....        (no amulet) Stlth
                     q - ring of positive energy
HPRegen 0.30/turn    o - ring of wizardry
MPRegen 0.10/turn

%: wizardry (x1)
@: no status effects
A: horns 2, retaliatory headbutt
a: no special abilities


You were on level 4 of the Dungeon.
You visited 1 branch of the dungeon, and saw 4 of its levels.

You collected 124 gold pieces.

Inventory:

Hand Weapons
 a - a +0 war axe (weapon)
Armour
 b - a +0 scale mail (worn)
 c - a +0 buckler (worn)
Jewellery
 o - a ring of wizardry (right hand)
 q - a ring of positive energy (left hand)
 w - an amulet of magic regeneration
Wands
 m - a wand of flame (27)
Scrolls
 e - a scroll of identify {unknown}
 k - a scroll of silence {unknown}
 l - 4 scrolls of teleportation {unknown}
 n - a scroll of enchant weapon {unknown}
 p - a scroll of amnesia {unknown}
 r - a scroll of fog {unknown}
 s - a scroll of vulnerability {unknown}
 t - a scroll of brand weapon {unknown}
 v - a scroll of noise {unknown}
Potions
 d - 2 potions of might
 f - a potion of invisibility {unknown}
 g - a potion of mutation {unknown}
 h - a potion of attraction {unknown}
 i - a potion of enlightenment {unknown}
 j - a potion of curing {unknown}
 u - a potion of haste {unknown}


   Skills:
 + Level 5.9 Fighting
 + Level 7.3 Axes
 + Level 5.9 Armour
 + Level 1.1 Dodging
 + Level 0.4 Stealth
 + Level 4.3 Shields


You had 6 spell levels left.
You didn't know any spells.
Your spell library contained the following spells:

 Spells                   Type           Power      Damage    Failure   Level
 Sandblast                Erth           0%         2d4       52%         1


Dungeon Overview and Level Annotations

Branches:
Dungeon (4/15)
 Temple: D:4-7

Altars:
Gozag
Yredelemnul

Annotations:
D:4 1 transporter, Sigmund


Innate Abilities, Weirdness & Mutations

You have a pair of horns on your head.
You reflexively headbutt those who attack you in melee.


Message History

The puff of flame hits you.
You slash something! You closely miss the hound. The hound bites you.
The hound closely misses you. Something hits you.
You closely miss something. You hit the hound. The hound bites you.
The hound barely misses you.
You barely miss something. You slash the hound!
Something hits you but does no damage.
The hound bites you but does no damage. x2
You hit something but do no damage. You hit the hound.
You block the hound's attack.
You hear some strange, mumbled words.
You are confused.
You barely miss something. You hit the hound but do no damage.
The hound bites you. Something hits you. The hound bites you.
You miss something. Your headbutt misses something. You barely miss the hound.
The hound bites you but does no damage. Something hits you but does no damage.
The hound closely misses you. Something hits you but does no damage.
The hound barely misses you. Something hits you!
* * * LOW HITPOINT WARNING * * *
The hound bites you.
* * * LOW HITPOINT WARNING * * *
You're too confused to move!
The hound bites you but does no damage.
You hear some strange, mumbled words.
A magic dart appears from out of thin air!
The magic dart hits you.
* * * LOW HITPOINT WARNING * * *
The hound bites you.
* * * LOW HITPOINT WARNING * * *
The hound completely misses you. Something hits you but does no damage.
The hound attacks as you move away! The hound bites you but does no damage.
You feel less confused.
You barely miss the hound.
The hound is severely wounded.
The hound closely misses you. The hound barely misses you.
You furiously retaliate!
You headbutt the hound!
You kill the hound!
Something hits you.
* * * LOW HITPOINT WARNING * * *
You barely miss something. You headbutt something. Something hits you!
You die...

.....© ..####
######..#8.©
#.......#P.[
#.......###+
#.......#~..
#.......#~..
##.......#~..
#
#....@...#S.⌠
.. #
#......#.#S..
..## +......#
#~.. ....
##.....# ~..
.... #.....#
#+ ....
#.....# /
.... #.....#
.... #.....#
.... #.....#
+###


You could see 2 electric eels.

Vanquished Creatures
  Grinder (D:3)
  Menkaure (D:4)
  A sky beast (D:4)
  A black bear (D:4)
  A hound (D:4)
  An iguana (D:3)
  Terence (D:2)
  Natasha (thrice) (D:2)
  5 adders
  A worm (D:2)
  A dart slug (D:4)
  2 orcs
  7 ball pythons
  7 endoplasms
  2 giant cockroaches
  6 goblins
  3 hobgoblins
  4 jackals (D:2)
  A quokka (D:2)
  6 bats
  8 frilled lizards
  5 kobolds
  4 rats
72 creatures vanquished.

Notes
Turn   | Place    | Note
-------+----------+-------------------------------------------
     0 | D:1      | randomguy2701 the Minotaur Fighter began the quest for the
                  | Orb.
     0 | D:1      | Reached XP level 1. HP: 19/19 MP: 0/0
   225 | D:1      | Found a faded altar of an unknown god.
   234 | D:1      | Got Plato's Catalogue of the Crater
   286 | D:1      | Reached XP level 2. HP: 27/27 MP: 1/1
   530 | D:1      | Reached skill level 3 in Axes
   789 | D:2      | Reached XP level 3. HP: 25/33 MP: 2/2
   963 | D:2      | Noticed Natasha
   968 | D:2      | Killed Natasha
  1133 | D:2      | Reached XP level 4. HP: 40/40 MP: 3/3
  1172 | D:2      | Noticed Terence
  1183 | D:2      | Killed Terence
  1184 | D:2      | Reached skill level 4 in Axes
  1419 | D:2      | Noticed Natasha
  1423 | D:2      | Killed Natasha
  1547 | D:2      | Noticed Natasha
  1555 | D:2      | Killed Natasha
  1556 | D:2      | Reached XP level 5. HP: 33/47 MP: 4/4
  1855 | D:3      | Found an opulent altar of Gozag.
  2073 | D:3      | Reached skill level 5 in Axes
  2093 | D:3      | Found a basalt altar of Yredelemnul.
  2172 | D:3      | Reached skill level 5 in Fighting
  2284 | D:3      | Noticed Grinder
  2289 | D:3      | Killed Grinder
  2290 | D:3      | Reached skill level 5 in Armour
  2290 | D:3      | Reached XP level 6. HP: 32/56 MP: 5/5
  2679 | D:4      | Reached skill level 6 in Axes
  2968 | D:4      | Reached XP level 7. HP: 61/61 MP: 6/6
  2982 | D:4      | Noticed Menkaure
  2993 | D:4      | Killed Menkaure
  2994 | D:4      | Reached skill level 1 in Dodging
  3185 | D:4      | Reached skill level 7 in Axes
  3338 | D:4      | Noticed Sigmund
  3341 | D:4      | Found a transporter.
  3357 | D:4      | HP: 2/62 [something (5)]
  3358 | D:4      | Mangled by Sigmund

Illustrated notes

Levels and vault maps discovered:
D:1:      amcnicky_arrival_wind_blow, layout_basic,
          shapermc_ecumenical_altar_rom_forum
D:2:      layout_loops_cross, uniq_natasha, uniq_terence
D:3:      layout_basic, yredelemnul_altar_generic,
          mainiacjoe_overflow_tiny_flanked, uniq_grinder
D:4:      gammafunk_steamed_eel, layout_gridville, ebering_ghost_sewer_f,
          uniq_sigmund, uniq_menkaure

Skill      XL: |  1  2  3  4  5  6  7 |
---------------+----------------------+-----
Axes           | 3 4 5 6 7 |  7.3
Fighting       | 4 5 |  5.9
Armour         | 4 5 |  5.9
Shields        | 4 |  4.3
Dodging        | 1 |  1.1
Stealth        | |  0.4

Action                     |  1- 3 |  4- 6 |  7- 9 || total
---------------------------+-------+-------+-------++-------
  Melee: War axe           |    69 |    82 |    31 ||   182
         Headbutt          |     9 |     9 |     5 ||    23
 Armour: Scale mail        |    40 |    30 |    14 ||    84
  Dodge: Dodged            |    30 |    32 |    12 ||    74
  Block: Buckler           |    22 |    15 |     3 ||    40

Table legend: (Time is in decaauts)
 A = Elapsed time spent in this place.
 B = Non-inter-level travel time spent in this place.
 C = Inter-level travel time spent in this place.
 D = Time resting spent in this place.
 E = Time spent auto-exploring this place.
 F = Levels seen in this place.
 G = Mean time per level.
                   A        B        C        D        E       F      G
               +--------+--------+--------+--------+--------+-----+--------+
         Total |   3433 |   3319 |    114 |      0 |   2844 |   4 |  858.2 |
       Dungeon |   3433 |   3319 |    114 |      0 |   2844 |   4 |  858.2 |
               +--------+--------+--------+--------+--------+-----+--------+

Top non-repeatable levels by time:
     D:2: 1063 daAuts
     D:3: 859 daAuts
     D:4: 767 daAuts
     D:1: 744 daAuts
